 Dungeon Crawl Stone Soup version 0.20-a0-1127-g1289703 (webtiles) character file.

331 Lexie the Firebug (level 6, -1/36 HPs)
             Began as an Octopode Fire Elementalist on May 18, 2017.
             Killed from afar by an orc wizard (4 damage)
             ... with a magic dart
             ... on level 5 of the Dungeon.
             The game lasted 00:06:32 (5287 turns).

Lexie the Firebug (Octopode Fire Elementalist)      Turns: 5287, Time: 00:06:33

Health: -1/36      AC:  1    Str:  7    XL:     6   Next: 52%
Magic:  4/12       EV: 16    Int: 19    God:
Gold:   231        SH:  0    Dex: 13    Spells: 3/13 levels left

rFire    . . .     SeeInvis .   d - +1 dagger (venom)
rCold    . . .     Gourm    .   (no shield)
rNeg     . . .     Faith    .   (helmet restricted)
rPois    .         Spirit   .   t - amulet of regeneration
rElec    .         Reflect  .   r - +3 ring of evasion
rCorr    .         Harm     .   B - ring of teleportation (curse)
MR       .....     Rnd*Tele +   (no ring)
Stlth    +++.......             (no ring)
Regen    0.6/turn               (no ring)
MPRegen  0.2/turn               (no ring)
                                (no ring)
                                (no ring)

@: lethally poisoned (-1 -> -1)
A: almost no armour, stealthy swim, amphibious, 8 rings, constrict 8, camouflage
1, gelatinous body 1
a: no special abilities


You were on level 5 of the Dungeon.
You were hungry.

You visited 1 branch of the dungeon, and saw 5 of its levels.

You collected 231 gold pieces.

Inventory:

Hand Weapons
 d - a +1 dagger of venom (weapon)
Armour
 q - a +2 shield
Jewellery
 i - an uncursed amulet of guardian spirit
 r - a +3 ring of evasion (left tentacle)
 t - an amulet of regeneration (around mantle)
 x - an uncursed amulet of faith
 B - a cursed ring of teleportation (right tentacle)
Wands
 y - a wand of flame (24/48)
Scrolls
 c - a scroll of enchant armour {unknown}
 f - 2 scrolls of remove curse {unknown}
 j - 3 scrolls of teleportation {unknown}
 l - a scroll of enchant weapon {unknown}
 m - a scroll of fog {unknown}
 o - 2 scrolls of identify {unknown}
 p - a scroll of random uselessness {unknown}
 u - 2 scrolls of noise {unknown}
 w - 2 scrolls of immolation {unknown}
Potions
 e - a potion of cancellation {unknown}
 n - a potion of lignification {unknown}
 s - 2 potions of haste {unknown}
 v - a potion of mutation {unknown}
 z - 3 potions of curing {unknown}
 C - a potion of flight {unknown}
Books
 a - a book of Flames

   Spells                             Type                      Level
   a - Flame Tongue                   Conjuration/Fire             1
   b - Throw Flame                    Conjuration/Fire             2
   c - Conjure Flame                  Conjuration/Fire             3
   d - Inner Flame                    Hexes/Fire                   3
   e - Sticky Flame                   Conjuration/Fire             4
   f - Fireball                       Conjuration/Fire             5
Comestibles
 b - 2 bread rations
 g - 2 meat rations
 h - 7 fruits
 A - a royal jelly


   Skills:
 - Level 2.0 Dodging
 - Level 2.6 Stealth
 + Level 1.0 Shields
 + Level 4.0 Spellcasting
 + Level 3.9 Conjurations
 + Level 4.1 Fire Magic


You had 3 spell levels left.
You knew the following spells:

 Your Spells              Type           Power        Failure   Level  Hunger
a - Flame Tongue          Conj/Fire      ###..        2%          1    None
b - Throw Flame           Conj/Fire      ###...       4%          2    ##.....
c - Conjure Flame         Conj/Fire      ###.....     8%          3    ###....
d - Sticky Flame          Conj/Fire      ###.....     26%         4    ####...


Dungeon Overview and Level Annotations

Branches:
Dungeon (5/15)
 Temple: D:4-7

Altars:
Ashenzari
Okawaru
Qazlal
Ru
Xom

Shops:
D:5 (

Annotations:
D:3 1 runed door


Innate Abilities, Weirdness & Mutations

You cannot wear most types of armour.
You are very stealthy in the water. (Stealth+)
You are amphibious.
You can wear up to eight rings at the same time.
You can use your tentacles to constrict eight enemies at once.
Your skin changes colour to match your surroundings (Stealth+).
Your rubbery body absorbs attacks. (AC +1, EV +1)


Message History

The orc wizard is lightly wounded.
You constrict the orc priest.
You constrict the orc wizard, but do no damage.
The orc wizard gestures at you while chanting.
The magic dart hits you!
The orc priest miscasts a cantrip.
You hit the orc wizard but do no damage.
The orc wizard is poisoned.
You squeeze the orc wizard.
The orc wizard is lightly wounded.
You constrict the orc priest.
You constrict the orc wizard, but do no damage.
You feel sick. The orc wizard hits you with a dagger.
* * * LOW HITPOINT WARNING * * *
The orc priest hits you with a flail.
* * * LOW HITPOINT WARNING * * *
You release your grip on the orc priest.
You release your grip on the orc wizard.
The orc wizard points at you and mumbles some strange words.
The magic dart hits you!
You die...

### ..# #.# #.## #
#.. #. #)#
#.#.∩#####o##.####
#.......)@.o.....#
##[###.#####.##.#
#...<........
#.###########


You could see an orc priest and an orc wizard.

Vanquished Creatures
  A howler monkey (D:4)
  An orc wizard (D:5)
  Terence (D:2)
  A hound skeleton (D:3)
  3 gnolls (D:3)
  6 adders
  A shadow imp (D:5)
  An ooze (D:1)
  4 worms
  6 dart slugs
  4 leopard geckos
  10 orcs
  6 giant cockroaches
  8 goblins
  3 hobgoblins (D:1)
  11 jackals
  4 ball pythons
  6 bats
  4 frilled lizards
  A jackal skeleton (D:4)
  12 kobolds
  4 rats
98 creatures vanquished.

Notes
Turn   | Place    | Note
-------+----------+-------------------------------------------
     0 | D:1      | Lexie the Octopode Fire Elementalist began the quest for the Orb.
     0 | D:1      | Reached XP level 1. HP: 11/11 MP: 3/3
   146 | D:1      | Reached XP level 2. HP: 17/17 MP: 3/5
   442 | D:1      | Reached XP level 3. HP: 21/21 MP: 3/6
  1284 | D:1      | Learned a level 2 spell: Throw Flame
  1288 | D:1      | Learned a level 3 spell: Conjure Flame
  1289 | D:2      | Noticed Terence
  1890 | D:2      | Found an iron altar of Okawaru.
  1961 | D:2      | Killed Terence
  1961 | D:2      | Reached XP level 4. HP: 13/27 MP: 0/8
  2663 | D:3      | Reached XP level 5. HP: 31/31 MP: 3/10
  2771 | D:3      | Found an iron altar of Okawaru.
  3081 | D:3      | Found a runed door.
  3676 | D:3      | Found a sacrificial altar of Ru.
  4052 | D:4      | Found a shattered altar of Ashenzari.
  4080 | D:4      | Reached XP level 6. HP: 33/36 MP: 4/11
  4169 | D:4      | Learned a level 4 spell: Sticky Flame
  4490 | D:4      | Found a stormy altar of Qazlal.
  4629 | D:4      | Found an iron altar of Okawaru.
  4631 | D:4      | Found an ornate altar of the Wu Jian Council.
  4631 | D:4      | Found a shimmering altar of Xom.
  4633 | D:4      | Found a shimmering altar of Xom.
  4633 | D:4      | Found a sacrificial altar of Ru.
  4633 | D:4      | Found an iron altar of Okawaru.
  5261 | D:5      | Entered Level 5 of the Dungeon
  5262 | D:5      | Found Yriloc's Weapon Shoppe.
  5281 | D:5      | Reached skill level 1 in Shields
  5287 | D:5      | Killed from afar by an orc wizard

Vault maps used:
D:1:      eino_arrival_druids_welcome, hangedman_glass_teeth
D:2:      okawaru_trees_2, uniq_terence
D:3:      lemuel_crystal_altar, overflow_temple_1_default, first_bread,
          minmay_misc_feat_rows, uniq_crazy_yiuf_cottage
D:4:      ashenzari_conservatory_becter, grunt_qazlal_sundering,
          doesnt_xom_only_xom
D:5:      lemuel_zombie_altar_yredelemnul, serial_shops, shop, basic_altar,
          uniq_menkaure, uniq_edmund

Skill      XL: |  1  2  3  4  5  6 |
---------------+-------------------+-----
Conjurations   | 2 3 |  3.9
Spellcasting   | 3 4 |  4.0
Fire Magic     | 4 |  4.1
Shields        | 1 |  1.0
Dodging        | |  2.0
Stealth        | |  2.6

Action                   |  1- 3 |  4- 6 || total
-------------------------+-------+-------++-------
Melee: Dagger            |    13 |    48 ||    61
       Tentacles         |     4 |     8 ||    12
       Constrict         |     3 |    17 ||    20
 Cast: Flame Tongue      |    62 |   110 ||   172
       Throw Flame       |     2 |     7 ||     9
       Conjure Flame     |       |     1 ||     1
 Stab: Sleeping          |     1 |     1 ||     2
  Eat: Chunk             |     3 |    10 ||    13
Armor: Skin              |     2 |     4 ||     6
Dodge: Dodged            |    29 |    74 ||   103
